 Dungeon Crawl Stone Soup version 0.22-a0-192-g6ffc940c34 (webtiles) character file.

84120 MrRokkomies the Black Belt (level 15, 0/94 HPs)
             Began as an Octopode Ice Elementalist on Feb 14, 2018.
             Was the Champion of Dithmenos.
             Slain by a vault guard
             ... wielding a +0 great mace
              (26 damage)
             ... on level 14 of the Dungeon on Feb 16, 2018.
             The game lasted 02:35:45 (28736 turns).

MrRokkomies the Black Belt (OpIE)                  Turns: 28736, Time: 02:35:45

Health: 0/94       AC:  3    Str:  9    XL:     15   Next: 79%
Magic:  31/31      EV: 19    Int: 23    God:    Dithmenos [******]
Gold:   993        SH:  8    Dex: 12    Spells: 2/24 levels left

rFire    . . .     SeeInvis .     - Unarmed
rCold    + + .     Gourm    .   n - +1 buckler
rNeg     + . .     Faith    .   G - +0 hat "Beferiwo" {rC+ MR+}
rPois    .         Spirit   .   l - +2 amulet of reflection
rElec    .         Reflect  +   j - ring of positive energy
rCorr    .         Harm     .   o - ring of protection from magic
MR       +++..                  x - ring of protection from cold
Stlth    ++++++++..             J - +2 ring of protection
HPRegen  0.65/turn              L - ring of magical power
MPRegen  0.22/turn              (no ring)
                                (no ring)
                                (no ring)

@: wreathed by umbra
A: almost no armour, stealthy swim, amphibious, 8 rings, constrict 8, tentacle
spike 2, camouflage 1, regeneration 1, screaming 1, gelatinous body 1
a: Shadow Step, Shadow Form, Renounce Religion


You were on level 14 of the Dungeon.
You worshipped Dithmenos.
Dithmenos was exalted by your worship.
You were not hungry.

You visited 4 branches of the dungeon, and saw 23 of its levels.
You also visited: Bailey.

You collected 2313 gold pieces.
You spent 1320 gold pieces at shops.

Inventory:

Hand Weapons
 b - a +5 blowgun
Missiles
 d - 37 tomahawks of returning (quivered)
 B - 84 poisoned needles
 E - 5 poisoned tomahawks
 I - 4 needles of frenzy
 P - 4 curare-tipped needles
Armour
 n - a +1 buckler (worn)
 G - the +0 hat "Beferiwo" (worn) {rC+ MR+}
   (You acquired it on level 12 of the Dungeon)

   It protects you from cold.
   It affects your resistance to hostile enchantments.
Jewellery
 j - a ring of positive energy (left tentacle)
 l - a +2 amulet of reflection (around mantle)
 o - a ring of protection from magic (right tentacle)
 x - a ring of protection from cold (on tentacle)
 J - a +2 ring of protection (on tentacle)
 L - a ring of magical power (on tentacle)
Wands
 h - a wand of polymorph (16)
 m - a wand of paralysis (7)
 r - a wand of iceblast (28)
 z - a wand of digging (12)
Scrolls
 e - 6 scrolls of identify
 g - 4 scrolls of fear
 i - 3 scrolls of enchant armour
 q - a scroll of fog
 s - 5 scrolls of teleportation
 F - 9 scrolls of remove curse
 M - 2 scrolls of blinking
 N - 2 scrolls of summoning
Potions
 c - 5 potions of curing
 f - a potion of resistance
 k - 5 potions of flight
 p - a potion of berserk rage
 t - 4 potions of cancellation
 u - a potion of brilliance
 v - 3 potions of haste
 D - a potion of magic
 H - 4 potions of invisibility
 K - a potion of agility
 O - a potion of ambrosia
Books
 A - a book of Ice

   Spells                             Type                      Level
   a - Ice Form                       Ice/Transmutation            4
   b - Metabolic Englaciation         Hexes/Ice                    5
   c - Ozocubu's Refrigeration        Ice                          6
   d - Bolt of Cold                   Conjuration/Ice              6
   e - Freezing Cloud                 Conjuration/Ice/Air          6
   f - Simulacrum                     Ice/Necromancy               6
 R - a book of Beasts

   Spells                             Type                      Level
   a - Summon Butterflies             Summoning                    1
   b - Call Canine Familiar           Summoning                    3
   c - Summon Ice Beast               Ice/Summoning                4
   d - Summon Mana Viper              Hexes/Summoning              5
   e - Summon Hydra                   Summoning                    7
 S - a book of Air

   Spells                             Type                      Level
   a - Shock                          Conjuration/Air              1
   b - Swiftness                      Charms/Air                   2
   c - Static Discharge               Conjuration/Air              3
   d - Airstrike                      Air                          4
   e - Lightning Bolt                 Conjuration/Air              5
Miscellaneous
 a - a sack of spiders
 C - a fan of gales
Comestibles
 y - 19 rations


   Skills:
 - Level 6.0 Fighting
 - Level 8.0 Throwing
 - Level 10.3 Dodging
 - Level 4.2 Stealth
 - Level 5.0 Shields
 - Level 15.0 Unarmed Combat
 - Level 5.1 Spellcasting
 - Level 1.0 Conjurations
 - Level 5.8 Summonings
 - Level 6.0 Transmutations
 - Level 6.0 Ice Magic
 * Level 8.6 Earth Magic
 - Level 6.0 Poison Magic
 * Level 4.9 Evocations


You had 2 spell levels left.
You knew the following spells:

 Your Spells              Type           Power        Failure   Level  Hunger
a - Freeze                Ice            ####         1%          1    None
b - Ozocubu's Armour      Chrm/Ice       ###.....     9%          3    ##.....
c - Throw Frost           Conj/Ice       ###...       3%          2    None
d - Summon Ice Beast      Ice/Summ       ####....     8%          4    ####...
e - Olgreb's Toxic Radia  Pois           ####....     8%          4    ####...
f - Statue Form           Tmut/Erth      #####....    56%         6    #######
g - Blink                 Tloc           N/A          14%         2    None


Dungeon Overview and Level Annotations

Branches:
Dungeon (14/15)            Temple (1/1) D:6            Lair (6/6) D:8
  Swamp (0/4) Lair:2        Snake (0/4) Lair:4        Slime (0/5) Lair:5
    Orc (2/2) D:12            Elf (0/3) Orc:2
 Vaults: D:13-14

Altars:
Ashenzari
Cheibriados
Dithmenos
Elyvilon
Fedhas
Gozag
Hepliaklqana
Kikubaaqudgha
Makhleb
Nemelex Xobeh
Okawaru
Qazlal
Ru
Sif Muna
Trog
Uskayaw
Vehumet
Wu Jian
Xom
Yredelemnul
Zin
The Shining One
Beogh
Jiyva

Shops:
D:9 [   Orc:2 :*[(

Annotations:
D:7 Zaque's ghost, novice TrFi
Lair:6 exclusion: 3 oklob plants


Innate Abilities, Weirdness & Mutations

You cannot wear most types of armour.
You are very stealthy in the water. (Stealth+)
You are amphibious.
You can wear up to eight rings at the same time.
You can use your tentacles to constrict eight enemies at once.
Your skin changes colour to match your surroundings (Stealth+).
Your rubbery body absorbs attacks. (AC +1, EV +1)
One of your tentacles bears a nasty spike.
Your natural rate of healing is unusually fast.
You occasionally shout uncontrollably at your foes.


Message History

Throwing (i - inventory. (/) - cycle)
d - 37 tomahawks of returning (quivered)
Press: ? - help, Shift-Dir - straight line, f/p - vault guard
Aim: a vault guard, wielding a great mace and wearing a plate armour (black smoke, severely wounded, umbra)
You throw a tomahawk of returning.
The tomahawk of returning hits the vault guard!
The vault guard is almost dead.
The tomahawk of returning returns to your pack!
Throwing (i - inventory. (/) - cycle)
d - 37 tomahawks of returning (quivered)
Press: ? - help, Shift-Dir - straight line, f/p - vault guard
Aim: a vault guard, wielding a great mace and wearing a plate armour (black smoke, almost dead, umbra)
You throw a tomahawk of returning.
The tomahawk of returning barely misses the vault guard.
The tomahawk of returning returns to your pack!
Throwing (i - inventory. (/) - cycle)
d - 37 tomahawks of returning (quivered)
Press: ? - help, Shift-Dir - straight line, f - you Really target yourself?
Okay, then.
Unknown command.
The vault guard hits you with a great mace!!
You die...

##.# #?......... #. #.##
#...§...o.. #. ##.#
#...§.9.p.. #. #.###
##(####.#.# ##+###. #...##
#(..# #...##. ##...###.(.#
#...##. #....##§(§#
#(..##.
#....###p§###+++###.)###.
##.....§§@§§≈≈...≈≈≈≈≈(≈..
#..###.≈§§§≈≈≈...≈≈≈≈≈≈†..
##.##
##§§§§≈≈(...≈≈≈≈≈≈.(. #..#
##.≈§≈≈..)..≈≈≈≈.##( ##.##
##.............#### #.##
######..#..##### ##.#
##)........### #.##
##............# ##.#
#.......(......


You could see a vault guard.

Vanquished Creatures
  An orc warlord (Bailey)
  2 vault guards (D:14)
  A catoblepas (Lair:4)
  2 centaur warriors (D:14)
  3 two-headed ogres (D:8)
  3 orc high priests (Orc:2)
  Sonja (Lair:2)
  An unseen horror (D:14)
  An orc knight (Orc:2)
  An ugly thing (D:14)
  3 orc sorcerers (Orc:2)
  2 wolf spiders (Orc:1)
  A manticore (D:13)
  2 gargoyles
  5 black mambas
  2 rime drakes
  11 spiny frogs
  A yaktaur (D:14)
  3 komodo dragons (Lair:6)
  2 tengu conjurers (D:14)
  A harpy zombie (D:14)
  3 trolls
  2 hornets (D:12)
  3 slime creatures (D:12)
  6 hippogriffs
  9 blink frogs
  11 dream sheep
  7 redbacks
  A shadow (D:14)
  3 wyverns
  2 wraiths
  40 yaks
  A tarantella (Orc:1)
  3 basilisks
  2 vampire mosquitoes (D:13)
  3 steam dragons
  3 wargs
  A soldier ant (D:12)
  20 water moccasins
  2 hell hounds (Lair:6)
  10 porcupines
  28 orc warriors
  2 phantoms
  2 ice beasts
  3 sky beasts
  A black bear (D:13)
  3 wolves (Lair:6)
  A necrophage (D:10)
  8 ogres
  5 centaurs
  14 crocodiles
  A big kobold (D:11)
  8 bullfrogs
  2 wyvern zombies
  A wyvern skeleton (D:9)
  4 scorpions
  10 killer bees
  5 wights (D:6)
  2 electric eels
  5 crimson imps
  3 bullfrog zombies
  A centaur zombie (D:8)
  2 hounds
  2 jellies
  26 orc priests
  A bullfrog skeleton (D:7)
  32 orc wizards
  3 centaur skeletons
  17 worker ants
  An iguana (D:8)
  3 hound zombies
  Robin (D:4)
  A howler monkey zombie (D:5)
  11 gnolls
  12 adders
  2 howler monkey skeletons
  An ooze (D:1)
  6 worms
  2 dart slugs
  7 leopard geckos
  97 orcs
  4 giant cockroaches
  20 hobgoblins
  9 jackals
  20 kobolds
  4 quokkas
  A ball python (D:1)
  3 bats
  7 frilled lizards
  13 goblins
  A leopard gecko zombie (D:7)
  10 rats
609 creatures vanquished.

Vanquished Creatures (collateral kills)
  An orc warlord (Orc:2)
  A fire dragon (Lair:6)
  3 hydras
  2 two-headed ogres
  2 death yaks (Lair:5)
  A deep elf knight (D:14)
  Urug (D:13)
  A lindwurm (Lair:6)
  An oklob plant (Lair:6)
  An orc sorcerer (Orc:2)
  3 orc knights
  2 slime creatures (D:12)
  3 ugly things
  5 black mambas
  3 molten gargoyles (Lair:6)
  A spiny frog (Lair:2)
  A torpor snail (Lair:2)
  4 komodo dragons
  A rime drake (Lair:5)
  A hornet (D:12)
  2 polar bears (Lair:6)
  4 blink frogs
  2 hippogriffs
  8 dream sheep
  2 redbacks (D:12)
  A wyvern (Lair:6)
  8 yaks
  5 basilisks
  2 wargs (D:12)
  2 hell hounds (Lair:6)
  2 water moccasins (Lair:6)
  6 porcupines
  An orc warrior (Orc:1)
  A wolf (Lair:6)
  An ogre (D:5)
  2 crocodiles
  4 killer bees
  5 lava snakes (Lair:6)
  An orc priest (Orc:1)
  3 orc wizards
  A worm (D:12)
  4 orcs
  A fungus (Lair:4)
  A plant (Lair:5)
107 creatures vanquished.

Vanquished Creatures (others)
  An orc warrior (Orc:2)
  3 electric eels (D:12)
  A worker ant (D:12)
  A kobold (Bailey)
  A bush (Lair:5)
  33 fungi
  21 plants
61 creatures vanquished.

Grand Total: 777 creatures vanquished

Notes
Turn   | Place    | Note
-------+----------+-------------------------------------------
     0 | D:1      | MrRokkomies the Octopode Ice Elementalist began the quest for the Orb.
     0 | D:1      | Reached XP level 1. HP: 11/11 MP: 3/3
   214 | D:1      | Reached skill level 1 in Unarmed Combat
   214 | D:1      | Reached XP level 2. HP: 17/17 MP: 5/5
   921 | D:1      | Reached XP level 3. HP: 21/21 MP: 6/6
  1137 | D:1      | Learned a level 3 spell: Ozocubu's Armour
  1140 | D:1      | Learned a level 2 spell: Throw Frost
  1525 | D:2      | Reached skill level 2 in Unarmed Combat
  1678 | D:2      | Found a glowing golden altar of the Shining One.
  1682 | D:2      | Found a bloodstained altar of Trog.
  1782 | D:2      | Reached XP level 4. HP: 21/27 MP: 7/7
  2034 | D:2      | Reached skill level 3 in Unarmed Combat
  2340 | D:3      | Noticed a bullfrog
  2343 | D:3      | Killed a bullfrog
  2343 | D:3      | Reached XP level 5. HP: 31/31 MP: 1/8
  2464 | D:3      | Reached skill level 5 in Ice Magic
  2464 | D:3      | Reached XP level 6. HP: 23/36 MP: 7/9
  2776 | D:3      | Gained mutation: One of your tentacles bears a spike. [potion of mutation]
  2776 | D:3      | Gained mutation: Your natural rate of healing is unusually fast. [potion of mutation]
  2776 | D:3      | Gained mutation: You occasionally shout uncontrollably at your foes. [potion of mutation]
  2776 | D:3      | Gained mutation: One of your tentacles bears a nasty spike. [potion of mutation]
  2998 | D:3      | Reached skill level 4 in Unarmed Combat
  3310 | D:3      | Found a faded altar of an unknown god.
  3421 | D:4      | Found a shadowy altar of Dithmenos.
  3577 | D:4      | Reached XP level 7. HP: 29/41 MP: 10/10
  3604 | D:4      | Noticed Robin
  3646 | D:4      | Killed Robin
  3848 | D:4      | Reached skill level 5 in Unarmed Combat
  3854 | D:4      | Learned a level 4 spell: Summon Ice Beast
  3857 | D:4      | You fall through a shaft for 2 floors!
  3860 | D:6      | Reached skill level 1 in Shields
  3977 | D:5      | Entered Level 5 of the Dungeon
  4008 | D:5      | Found a sparkling altar of Nemelex Xobeh.
  4113 | D:4      | Reached skill level 6 in Unarmed Combat
  4113 | D:4      | Reached XP level 8. HP: 20/46 MP: 11/11
  4385 | D:5      | Found a shimmering altar of Xom.
  4454 | D:5      | Found a hide-covered altar of Uskayaw.
  4880 | D:6      | Found a staircase to the Ecumenical Temple.
  4887 | Temple   | Entered the Ecumenical Temple
  5030 | Temple   | Became a worshipper of Dithmenos the Shadowed
  5432 | D:6      | Reached skill level 7 in Unarmed Combat
  5543 | D:6      | Reached skill level 5 in Shields
  5831 | D:6      | Reached skill level 1 in Summonings
  6203 | D:7      | Found an ancient bone altar of Kikubaaqudgha.
  6223 | D:7      | Reached XP level 9. HP: 51/51 MP: 12/12
  6434 | D:7      | Noticed Zaque's ghost (novice TrFi)
  6474 | D:8      | Found a sacrificial altar of Ru.
  6500 | D:8      | Reached skill level 8 in Unarmed Combat
  6557 | D:8      | Found an iron altar of Okawaru.
  6650 | D:8      | Reached * piety under Dithmenos
  6692 | D:8      | Found a staircase to the Lair.
  6814 | D:8      | Noticed a two-headed ogre
  6830 | D:8      | Killed a two-headed ogre
  6830 | D:8      | Reached skill level 9 in Unarmed Combat
  6857 | D:8      | Noticed a two-headed ogre
  6869 | D:8      | Killed a two-headed ogre
  6869 | D:8      | Reached skill level 5 in Summonings
  7023 | D:8      | Reached XP level 10. HP: 36/56 MP: 7/13
  7158 | D:8      | Noticed a two-headed ogre
  7178 | D:8      | Killed a two-headed ogre
  7178 | D:8      | Reached skill level 10 in Unarmed Combat
  7267 | D:8      | Reached skill level 1 in Fighting
  7711 | Lair:1   | Entered Level 1 of the Lair of Beasts
  7765 | Lair:1   | Noticed a spiny frog
  7775 | Lair:1   | Killed a spiny frog
  7775 | Lair:1   | Reached skill level 5 in Dodging
  7780 | Lair:1   | Noticed a spiny frog
  7836 | Lair:1   | Noticed a spiny frog
  7852 | Lair:1   | Killed a spiny frog
  8059 | Lair:1   | Killed a spiny frog
  8312 | Lair:1   | Reached skill level 5 in Fighting
  8632 | Lair:2   | Noticed a spiny frog
  8651 | Lair:2   | Killed a spiny frog
  8651 | Lair:2   | Reached XP level 11. HP: 26/72 MP: 2/14
  8982 | Lair:1   | Learned a level 4 spell: Olgreb's Toxic Radiance
  9006 | Lair:2   | Reached ** piety under Dithmenos
  9037 | Lair:2   | Reached skill level 1 in Poison Magic
  9046 | Lair:2   | Found a staircase to the Swamp.
  9320 | Lair:2   | Noticed Sonja
  9342 | Lair:2   | Killed Sonja
 10002 | Lair:2   | Reached skill level 5 in Poison Magic
 10549 | Lair:2   | Upgraded the game from 0.22-a0-181-gb22368a056 to 0.22-a0-185-ge330310d3a
 12102 | Lair:4   | Reached XP level 12. HP: 78/79 MP: 2/17
 12268 | Lair:4   | Noticed a catoblepas
 12308 | Lair:4   | Killed a catoblepas
 12308 | Lair:4   | Reached skill level 10 in Dodging
 12700 | Lair:4   | Found a staircase to the Snake Pit.
 12727 | Lair:4   | Reached *** piety under Dithmenos
 12955 | Lair:4   | Reached skill level 1 in Throwing
 13129 | Lair:4   | Noticed a six-headed hydra
 13150 | Lair:4   | Killed a six-headed hydra
 13150 | Lair:4   | Reached skill level 5 in Spellcasting
 13638 | Lair:5   | Learned a level 6 spell: Statue Form
 13737 | Lair:5   | Noticed a six-headed hydra
 13749 | Lair:5   | Killed a six-headed hydra
 13985 | Lair:5   | Noticed a death yak
 13986 | Lair:5   | Noticed a death yak
 14143 | Lair:5   | Found a viscous altar of Jiyva.
 14143 | Lair:5   | Found a staircase to the Slime Pits.
 14195 | Lair:5   | Reached skill level 11 in Unarmed Combat
 14350 | Lair:5   | Reached skill level 5 in Throwing
 14426 | Lair:5   | Killed a death yak
 14429 | Lair:5   | Killed a death yak
 14959 | Lair:6   | Entered Level 6 of the Lair of Beasts
 15171 | Lair:6   | Reached XP level 13. HP: 66/83 MP: 14/20
 15258 | Lair:6   | Reached **** piety under Dithmenos
 15335 | Lair:6   | Learned a level 2 spell: Blink
 15483 | Lair:6   | Reached skill level 12 in Unarmed Combat
 16347 | Lair:6   | Reached skill level 1 in Transmutations
 16832 | Lair:6   | Found a large runed door.
 16832 | Lair:6   | Noticed a fire dragon
 16959 | Lair:6   | Reached ***** piety under Dithmenos
 17057 | Lair:6   | Found a large runed door.
 17613 | Lair:6   | Killed a fire dragon
 18435 | D:9      | Found Puzumm's Armour Emporium.
 18875 | D:9      | Reached skill level 13 in Unarmed Combat
 19179 | D:10     | Entered Level 10 of the Dungeon
 19775 | D:10     | Reached skill level 5 in Transmutations
 20765 | D:12     | Reached XP level 14. HP: 83/90 MP: 21/21
 20839 | D:12     | Found a flagged portal.
 20909 | Bailey   | Entered a bailey
 20914 | Bailey   | Noticed an orc warlord
 20919 | Bailey   | Reached ****** piety under Dithmenos
 21326 | Bailey   | Found a runed gate.
 21326 | Bailey   | Found a runed gate.
 21326 | Bailey   | Found a runed gate.
 21556 | Bailey   | Killed an orc warlord
 21680 | D:12     | Reached skill level 14 in Unarmed Combat
 21680 | D:12     | Reached XP level 15. HP: 94/94 MP: 22/22
 21681 | D:12     | Identified a scroll of acquirement
 21682 | D:12     | Got a translucent hat
 21688 | D:12     | Identified the +0 hat "Beferiwo" {rC+ MR+} (You acquired it on level 12 of the Dungeon)
 21748 | D:12     | Found a staircase to the Orcish Mines.
 22087 | D:12     | Reached skill level 5 in Earth Magic
 23456 | D:13     | Noticed Urug
 23622 | D:13     | Got a wavering ruby amulet
 23623 | D:13     | Identified the amulet of Goiniquhoo {Harm *Drain Dex+3} (You acquired it on level 13 of the Dungeon)
 23675 | D:13     | Killed Urug
 24205 | Orc:1    | Entered Level 1 of the Orcish Mines
 24680 | Orc:1    | Found a roughly hewn altar of Beogh.
 24849 | Orc:1    | Upgraded the game from 0.22-a0-185-ge330310d3a to 0.22-a0-192-g6ffc940c34
 24860 | Orc:2    | Entered Level 2 of the Orcish Mines
 25061 | Orc:2    | Found a staircase to the Elven Halls.
 25532 | Orc:2    | Found a roughly hewn altar of Beogh.
 25573 | Orc:2    | Noticed an orc warlord
 26164 | Orc:2    | Killed an orc warlord
 26236 | Orc:2    | Reached skill level 15 in Unarmed Combat
 26388 | Orc:2    | Reached skill level 1 in Evocations
 26961 | Orc:2    | Found Wunt's Antique Armour Boutique.
 26962 | Orc:2    | Found Ivit's Antique Weapon Boutique.
 26963 | Orc:2    | Found Baaqaz's General Store.
 26963 | Orc:2    | Found Ytemn's Book Shop.
 27151 | Orc:2    | Bought a book of Ice for 715 gold pieces
 27151 | Orc:2    | Bought a book of Beasts for 605 gold pieces
 28736 | D:14     | Slain by a vault guard

Vault maps used:
D:1:      nzn_arrival_water_spiral
D:2:      nicolae_overflow_hidden_temple
D:3:      chequers_ecumenical_altar_lobes
D:4:      grunt_dithmenos_smoke_and_mirrors, uniq_robin
D:5:      kennysheep_little_box, basic_altar, first_ration,
          nemelex_spade_bored_becter
D:6:      temple_green
D:7:      lemuel_doored_altar
D:8:      okawaru_metal_pillars_1_2, nicolae_ru_sacrificial_ziggurat,
          due_lair_maze_entry_diamond
D:9:      serial_shops, shop
D:11:     uniq_erolcha
D:12:     minmay_orc_entry_guard_dogs, enter_bailey_2,
          hangedman_pestilent_swarm, spider_trap, lemuel_freeze_loot_1
D:13:     serial_corexii_hall, corexii_hall_statues_i, corexii_hall_statues_x,
          minmay_item_behind_shaft, grunt_decor_mini_mirrors, uniq_urug
D:14:     grunt_vaults_entry_fortified, minmay_door_square
Temple:   eino_temple_scatter_basement
Lair:1:   minmay_holes
Lair:2:   minmay_swamp_entry_eels, uniq_sonja
Lair:3:   serial_bayou_shore_a
Lair:4:   minmay_snake_entry_six_corridors, serial_bayou_shore_b
Lair:5:   slime_altar_1, beast_lair_carwin_3
Lair:6:   cheibrodos_lair_end_hotspot, infiniplex_staircase_pool,
          minmay_lair_oklob_chamber
Orc:1:    nicolae_orc_accident_3, basic_altar
Orc:2:    st_orc_congregation, mines1_david
Bailey:   bailey_axe_bossmonster_kennysheep, bailey

Skill      XL: |  1  2  3  4  5  6  7  8  9 10 11 12 13 14 15 |
---------------+----------------------------------------------+-----
Unarmed Combat | 1 2 3 4 6 7 9 10 11 13 14 15 | 15.0
Ice Magic      | 4 5 6 |  6.0
Shields        | 2 5 |  5.0
Summonings     | 2 5 |  5.8
Dodging        | 7 9 10 | 10.3
Fighting       | 5 6 |  6.0
Stealth        | 4 |  4.2
Poison Magic   | 6 |  6.0
Spellcasting   | 3 5 |  5.1
Throwing       | 6 8 |  8.0
Transmutations | 5 6 |  6.0
Earth Magic    | 4 8 |  8.6
Evocations     | 4 |  4.9
Conjurations   | |  1.0

Action                   |  1- 3 |  4- 6 |  7- 9 | 10-12 | 13-15 || total
-------------------------+-------+-------+-------+-------+-------++-------
Melee: Unarmed           |    94 |   138 |   285 |   597 |  1080 ||  2194
       Constrict         |    31 |    31 |    58 |    47 |   163 ||   330
       Tentacles         |    21 |    24 |    56 |    81 |   157 ||   339
       Punch             |     3 |     4 |    13 |    37 |    85 ||   142
       Kick              |       |    12 |    72 |   160 |   265 ||   509
 Fire: Blowgun           |       |       |       |    23 |    85 ||   108
Throw: Javelin           |       |       |       |    11 |   102 ||   113
       Tomahawk          |       |       |       |       |   157 ||   157
 Cast: Freeze            |     5 |     6 |       |     2 |     4 ||    17
       Throw Frost       |       |     4 |     2 |     9 |     8 ||    23
       Ozocubu's Armour  |       |     1 |     3 |     9 |    15 ||    28
       Summon Ice Beast  |       |       |     7 |    77 |   147 ||   231
       Olgreb's Toxic Ra |       |       |       |     6 |    19 ||    25
       Blink             |       |       |       |       |    11 ||    11
Invok: Shadow Step       |       |       |       |     1 |       ||     1
Evoke: Wand              |       |       |     6 |     3 |     6 ||    15
  Use: Scroll            |     5 |     8 |     7 |    14 |    14 ||    48
       Potion            |       |     3 |     3 |    14 |     7 ||    27
 Stab: Sleeping          |    11 |     5 |    12 |    11 |    21 ||    60
       Distracted        |       |       |       |     5 |     9 ||    14
  Eat: Chunk             |     3 |     6 |    13 |    27 |    42 ||    91
       Ration            |       |       |       |     5 |     8 ||    13
Armor: Skin              |     9 |    14 |    16 |    25 |    36 ||   100
Dodge: Dodged            |    61 |    79 |   125 |   302 |   655 ||  1222
Block: Buckler           |       |       |    45 |   163 |   340 ||   548
       Reflection        |       |       |       |     1 |    23 ||    24

Table legend:
 A = Spawn XP
 B = Non-spawn XP
 C = Spawn XP percentage of total XP
 D = Spawn monster count
 E = Non-spawn monster count
 F = Spawn count percentage of total count
 G = Total turns spent on level
                    A         B        C        D         E        F      G
               +---------+---------+-------+---------+---------+-------+---------
         Total |       0 |   87025 |   0.0 |       0 |     716 |   0.0 | 28736
               +---------+---------+-------+---------+---------+-------+---------
           D:1 |       0 |      44 |   0.0 |       0 |      23 |   0.0 |  1583
           D:2 |       0 |     118 |   0.0 |       0 |      23 |   0.0 |   829
           D:3 |       0 |     271 |   0.0 |       0 |      26 |   0.0 |  1136
           D:4 |       0 |     602 |   0.0 |       0 |      34 |   0.0 |   776
           D:5 |       0 |     421 |   0.0 |       0 |      17 |   0.0 |   632
           D:6 |       0 |     768 |   0.0 |       0 |      16 |   0.0 |  1228
           D:7 |       0 |     231 |   0.0 |       0 |      14 |   0.0 |   463
           D:8 |       0 |    3716 |   0.0 |       0 |      24 |   0.0 |  1315
           D:9 |       0 |    2131 |   0.0 |       0 |      41 |   0.0 |   899
          D:10 |       0 |    2907 |   0.0 |       0 |      27 |   0.0 |   886
          D:11 |       0 |    1381 |   0.0 |       0 |      19 |   0.0 |   622
          D:12 |       0 |    6900 |   0.0 |       0 |      43 |   0.0 |  1964
          D:13 |       0 |    2335 |   0.0 |       0 |      16 |   0.0 |  1007
          D:14 |       0 |    7763 |   0.0 |       0 |      24 |   0.0 |  1301
        Lair:1 |       0 |    2915 |   0.0 |       0 |      13 |   0.0 |  1018
        Lair:2 |       0 |    6587 |   0.0 |       0 |      35 |   0.0 |  1638
        Lair:3 |       0 |    1687 |   0.0 |       0 |      11 |   0.0 |  1193
        Lair:4 |       0 |    5330 |   0.0 |       0 |      27 |   0.0 |  1556
        Lair:5 |       0 |    8549 |   0.0 |       0 |      34 |   0.0 |  1683
        Lair:6 |       0 |   16050 |   0.0 |       0 |      79 |   0.0 |  3073
         Orc:1 |       0 |    4299 |   0.0 |       0 |      52 |   0.0 |   942
         Orc:2 |       0 |    9988 |   0.0 |       0 |      91 |   0.0 |  2067
        Bailey |       0 |    2032 |   0.0 |       0 |      27 |   0.0 |   768
               +---------+---------+-------+---------+---------+-------+---------
